 Dungeon Crawl Stone Soup version 0.25.0-46-gbd7b0854d2 (webtiles) character file.

Game seed: 5882153847886064093

259 Milting the Insei (level 6, -1/39 HPs)
             Began as an Octopode Transmuter on July 13, 2020.
             Slain by an orc priest
             ... wielding a +0 flail
              (13 damage)
             ... on level 4 of the Dungeon.
             The game lasted 00:09:46 (3262 turns).

Milting the Insei (Octopode Transmuter)             Turns: 3262, Time: 00:09:46

Health: -1/39      AC:  1    Str: 11    XL:     6   Next: 17%
Magic:  9/9        EV: 14    Int: 15    God:
Gold:   245        SH:  0    Dex: 13    Spells: 8/9 levels left

rFire    . . .     SeeInvis .     - Unarmed
rCold    . . .     Gourm    .   (no shield)
rNeg     . . .     Faith    .   (helmet restricted)
rPois    .         Spirit   .   (no amulet)
rElec    .         Reflect  .   (no ring)
rCorr    .         Harm     .   (no ring)
MR       .....                  (no ring)
Stlth    ++........             (no ring)
HPRegen  0.13/turn              (no ring)
MPRegen  0.11/turn              (no ring)
                                (no ring)
                                (no ring)

@: confused
A: almost no armour, stealthy swim, amphibious, 8 rings, constrict 8, camouflage
1, gelatinous body 1
a: no special abilities


You were on level 4 of the Dungeon.
You were not hungry.

You visited 1 branch of the dungeon, and saw 4 of its levels.

You collected 245 gold pieces.

Inventory:

Missiles
 a - 12 arrows
 f - 14 poisoned darts
 g - 24 stones (quivered)
 r - 6 silver javelins
Scrolls
 b - 2 scrolls of remove curse {unknown}
 e - 5 scrolls of teleportation {unknown}
 h - 4 scrolls of identify {unknown}
 m - a scroll of fear {unknown}
 n - a scroll of enchant weapon {unknown}
 o - a scroll of amnesia {unknown}
 p - a scroll of immolation {unknown}
Potions
 d - 2 potions of stabbing
 i - a potion of curing {unknown}
 j - a potion of flight {unknown}
 k - a potion of degeneration {unknown}
Comestibles
 c - 4 rations


   Skills:
 * Level 1.9 Fighting
 * Level 2.9 Dodging
 + Level 2.2 Stealth
 * Level 5.4 Unarmed Combat
 + Level 2.4 Spellcasting
 - Level 2.0 Transmutations


You had 8 spell levels left.
You knew the following spells:

 Your Spells              Type           Power        Failure   Level  Hunger
a - Beastly Appendage     Tmut           #.....       10%         1    #......

Your spell library contained the following spells:

 Spells                   Type           Power        Failure   Level  Hunger
 Sticks to Snakes         Tmut           #.......     14%         2    ###....
 Spider Form              Tmut/Pois      #.........   38%         3    ###....
 Ice Form                 Ice/Tmut       #.......     80%         4    #####..
 Blade Hands              Tmut           #.........   95%         5    ######.


Dungeon Overview and Level Annotations

Branches:
Dungeon (4/15)
 Temple: D:4-7

Altars:
Kikubaaqudgha
Sif Muna
Yredelemnul


Innate Abilities, Weirdness & Mutations

You cannot wear most types of armour.
You are very stealthy in the water. (Stealth+)
You are amphibious.
You can wear up to eight rings at the same time.
You can use your tentacles to constrict eight enemies at once.
Your skin changes colour to match your surroundings (Stealth+).
Your rubbery body absorbs attacks. (AC +1, EV +1)


Message History

Something hits you.
You're too confused to move!
You hear some strange, mumbled words.
A magic dart appears from out of thin air!
The magic dart hits you.
The orc priest hits you with a +0 flail!
* * * LOW HITPOINT WARNING * * *
You are more confused.
You feel more invigorated. Something hits you.
* * * LOW HITPOINT WARNING * * *
You closely miss the orc priest. Your squeeze misses the orc priest.
The orc priest barely misses you. Something hits you.
* * * LOW HITPOINT WARNING * * *
Something hits you.
* * * LOW HITPOINT WARNING * * *
The orc priest misses you.
You tentacle-slap the orc priest but do no damage.
Something barely misses you.
The orc priest hits you with a +0 flail!
You die...

......... #...... .......#.# ...#
#...... .......#.# ...
##.##...... .........#
..#[........... ##...##..##
..####..#...... #...##...#####
#o.# ##.#...... ##............##
#..####........
###...........###)...###..#...#
##....#..#..@o))........##..#
###..#..#.##..{###.......##..#
#...............#..........#.#
#...................##.#.###.#
####........##..###....##.#.# #..
................#...........####.
####.........####.###..#.........
##................##...###.#.....
............#######........#.....


You could see an orc priest.

Vanquished Creatures
  A bullfrog (D:3)
  An orc priest (D:3)
  2 orc wizards (D:4)
  4 adders
  A shadow imp (D:3)
  An ooze (D:2)
  2 worms (D:3)
  2 dart slugs
  A leopard gecko (D:1)
  6 orcs
  A giant cockroach (D:2)
  7 goblins
  5 hobgoblins
  4 jackals (D:2)
  2 quokkas (D:2)
  A ball python (D:3)
  A bat (D:1)
  2 frilled lizards
  9 kobolds
  4 rats
57 creatures vanquished.

Notes
Turn   | Place    | Note
-------+----------+-------------------------------------------
     0 | D:1      | Milting the Octopode Transmuter began the quest for the
                  | Orb.
     0 | D:1      | Reached XP level 1. HP: 13/13 MP: 3/3
   267 | D:1      | Reached XP level 2. HP: 13/18 MP: 5/5
  1078 | D:2      | Reached XP level 3. HP: 21/23 MP: 4/6
  1339 | D:2      | Reached skill level 4 in Unarmed Combat
  1402 | D:2      | Found a basalt altar of Yredelemnul.
  1468 | D:2      | Found a shimmering blue altar of Sif Muna.
  1752 | D:3      | Reached skill level 1 in Stealth
  1752 | D:3      | Reached XP level 4. HP: 28/28 MP: 5/7
  2107 | D:3      | Noticed a bullfrog
  2111 | D:3      | Killed a bullfrog
  2111 | D:3      | Reached XP level 5. HP: 16/34 MP: 8/8
  2294 | D:3      | Found an ancient bone altar of Kikubaaqudgha.
  2420 | D:3      | Reached skill level 5 in Unarmed Combat
  3159 | D:4      | Noticed an ogre
  3246 | D:4      | Reached XP level 6. HP: 28/39 MP: 7/9
  3262 | D:4      | Slain by an orc priest

Illustrated notes

Levels and vault maps discovered:
D:1:      minmay_arrival_loop, layout_basic
D:2:      layout_rooms, lemuel_crystal_altar, yredelemnul_altar_generic
D:3:      layout_rooms, lemuel_crystal_altar, serial_bayou_pond_c
D:4:      layout_rooms

Skill      XL: |  1  2  3  4  5 |
---------------+----------------+-----
Unarmed Combat | 4 5 |  5.4
Stealth        | 1 2 |  2.2
Fighting       | |  1.9
Dodging        | |  2.9
Spellcasting   | |  2.4
Transmutations | |  2.0

Action                   |  1- 3 |  4- 6 || total
-------------------------+-------+-------++-------
Melee: Unarmed           |    71 |    64 ||   135
       Constrict         |    19 |    15 ||    34
       Tentacles         |    12 |     7 ||    19
       Kick              |     7 |     9 ||    16
       Punch             |     1 |     2 ||     3
Throw: Dart              |     3 |       ||     3
       Stone             |     2 |    11 ||    13
 Cast: Beastly Appendage |     4 |     5 ||     9
  Use: Potion            |       |     3 ||     3
 Stab: Sleeping          |     4 |     1 ||     5
  Eat: Chunk             |     3 |     3 ||     6
       Ration            |       |     1 ||     1
Armor: Skin              |     4 |     1 ||     5
Dodge: Dodged            |    35 |    40 ||    75
